 Dungeon Crawl Stone Soup version 0.23.1 (webtiles) character file.

Game seed: 14954893298776582947

107 DimondSprtn the Insei (level 4, -2/28 HPs)
             Began as an Octopode Transmuter on Mar 3, 2019.
             Slain by a gnoll
             ... wielding a cursed -2 halberd
              (11 damage)
             ... on level 2 of the Dungeon.
             The game lasted 00:05:03 (2232 turns).

DimondSprtn the Insei (Octopode Transmuter)         Turns: 2232, Time: 00:05:04

Health: -2/28      AC:  1    Str: 12    XL:     4   Next: 85%
Magic:  4/8        EV: 14    Int: 15    God:
Gold:   83         SH:  0    Dex: 13    Spells: 5/8 levels left

rFire    . . .     SeeInvis .     - Unarmed
rCold    . . .     Gourm    .   (no shield)
rNeg     + . .     Faith    .   (helmet restricted)
rPois    .         Spirit   .   (no amulet)
rElec    .         Reflect  .   h - +3 ring of strength
rCorr    .         Harm     .   i - ring of positive energy
MR       .....                  (no ring)
Stlth    ++........             (no ring)
HPRegen  0.09/turn              (no ring)
MPRegen  0.11/turn              (no ring)
                                (no ring)
                                (no ring)

@: appendage (expiring)
A: almost no armour, stealthy swim, amphibious, 8 rings, constrict 8, tentacle
spike 3, camouflage 1, gelatinous body 1
a: End Transformation


You were on level 2 of the Dungeon.
You were hungry.
One of your tentacles had a temporary spike.
You visited 1 branch of the dungeon, and saw 2 of its levels.

You collected 83 gold pieces.

Inventory:

Missiles
 a - 25 arrows
Jewellery
 h - a +3 ring of strength (left tentacle)
 i - a ring of positive energy (right tentacle)
Wands
 l - a wand of polymorph (9)
 m - a wand of flame (22)
Scrolls
 b - a scroll of remove curse {unknown}
 e - a scroll of magic mapping {unknown}
 g - 3 scrolls of teleportation {unknown}
 n - a scroll of enchant weapon {unknown}
Potions
 d - 2 potions of degeneration {unknown}
 f - a potion of brilliance {unknown}
 j - a potion of curing {unknown}
Comestibles
 c - 5 rations
 k - 3 chunks of flesh


   Skills:
 - Level 1.0 Fighting
 + Level 2.7 Dodging
 * Level 4.1 Unarmed Combat
 + Level 2.6 Spellcasting
 + Level 2.8 Transmutations


You had 5 spell levels left.
You knew the following spells:

 Your Spells              Type           Power        Failure   Level  Hunger
a - Beastly Appendage     Tmut           ##....       7%          1    #......
b - Sticks to Snakes      Tmut           ##......     10%         2    ##.....

Your spell library contained the following spells:

 Spells                   Type           Power        Failure   Level  Hunger
 Spider Form              Tmut/Pois      #.........   34%         3    ###....
 Ice Form                 Ice/Tmut       #.......     75%         4    #####..
 Blade Hands              Tmut           ##........   88%         5    ######.


Dungeon Overview and Level Annotations

Branches:
Dungeon (2/15)

Altars:
Qazlal
Yredelemnul


Innate Abilities, Weirdness & Mutations

You cannot wear most types of armour.
You are very stealthy in the water. (Stealth+)
You are amphibious.
You can wear up to eight rings at the same time.
You can use your tentacles to constrict eight enemies at once.
Your skin changes colour to match your surroundings (Stealth+).
Your rubbery body absorbs attacks. (AC +1, EV +1)
One of your tentacles bears a large vicious spike.


Message History

You constrict the gnoll, but do no damage.
You tentacle-slap the gnoll.
The gnoll is severely wounded.
You constrict the gnoll, but do no damage.
The gnoll hits you with a +0 whip.
Your ball python bites the gnoll.
The gnoll barely misses you.
You tentacle-slap the gnoll.
You kill the gnoll!
Your transformation is almost over.
The gnoll hits you from afar with a cursed -2 halberd!
Ouch! That really hurt!
You tentacle-slap the hobgoblin. You grab the hobgoblin.
The hobgoblin is severely wounded.
You constrict the hobgoblin, but do no damage.
The hobgoblin barely misses you.
An adder comes into view.
Your ball python bites the gnoll.
Your ball python grabs the gnoll.
Your ball python constricts the gnoll.
The gnoll hits you from afar with a cursed -2 halberd!
You die...

#. #.S. ##. #.!# #..
# #..##### #. #..
#.##...... #...#..
#.#.....### .......
...g.g...###########
#g>.S.# #...# #...
#@..# ##.#####.#
##(######(.......#
#.........#######
#########.#
#.####### #........
#########


You could see 2 gnolls, an adder, a hobgoblin and a friendly ball python.

Vanquished Creatures
  Jessica (D:2)
  A gnoll (D:2)
  2 adders (D:2)
  3 oozes
  5 bats
  4 giant cockroaches
  A goblin (D:1)
  7 hobgoblins
  7 kobolds
  A quokka (D:2)
  2 ball pythons
  5 frilled lizards
  7 rats
46 creatures vanquished.

Notes
Turn   | Place    | Note
-------+----------+-------------------------------------------
     0 | D:1      | DimondSprtn the Octopode Transmuter began the quest for the
                  | Orb.
     0 | D:1      | Reached XP level 1. HP: 13/13 MP: 3/3
   577 | D:1      | Reached XP level 2. HP: 12/18 MP: 5/5
   773 | D:1      | Learned a level 2 spell: Sticks to Snakes
   945 | D:1      | Reached XP level 3. HP: 21/23 MP: 4/6
  1627 | D:2      | Found a stormy altar of Qazlal.
  1745 | D:2      | Found a basalt altar of Yredelemnul.
  1799 | D:2      | Reached XP level 4. HP: 16/28 MP: 4/7
  2143 | D:2      | Noticed Jessica
  2146 | D:2      | Killed Jessica
  2146 | D:2      | Reached skill level 4 in Unarmed Combat
  2232 | D:2      | Slain by a gnoll

Skill      XL: |  1  2  3  4 |
---------------+-------------+-----
Unarmed Combat | 4 |  4.1
Fighting       | |  1.0
Dodging        | |  2.7
Spellcasting   | |  2.6
Transmutations | |  2.8

Action                   |  1- 3 |  4- 6 || total
-------------------------+-------+-------++-------
Melee: Unarmed           |    89 |    18 ||   107
       Constrict         |    19 |     7 ||    26
       Kick              |     8 |     6 ||    14
       Tentacles         |     7 |     3 ||    10
       Punch             |     1 |       ||     1
 Cast: Beastly Appendage |    17 |     4 ||    21
       Sticks to Snakes  |     1 |     1 ||     2
 Stab: Sleeping          |     4 |     1 ||     5
  Eat: Chunk             |     3 |     1 ||     4
Armor: Skin              |     8 |       ||     8
Dodge: Dodged            |    48 |     7 ||    55
